 Dungeon Crawl Stone Soup version 0.24.0-1-gfbc8707 (webtiles) character file.

Game seed: 1855137185077217945, levelgen mode: deterministic

30805 Illumine the Cleaver (level 13, -4/117 HPs)
             Began as a Deep Dwarf Fighter on Oct 27, 2019.
             Was a High Priest of Makhleb.
             Killed by divine providence
             ... invoked by an orc high priest
              (10 damage)
             ... on level 2 of the Orcish Mines.
             The game lasted 00:24:56 (10689 turns).

Illumine the Cleaver (Deep Dwarf Fighter)          Turns: 10689, Time: 00:24:57

Health: -4/117     AC: 23    Str: 24    XL:     13   Next: 22%
Magic:  0/0        EV: 10    Int: 10    God:    Makhleb [*****.]
Gold:   1398       SH: 13    Dex: 12    Spells: 12/12 levels left

rFire    . . .     SeeInvis +   U - +2 broad axe
rCold    . . .     Gourm    .   c - +1 shield
rNeg     . . .     Faith    .   L - +1 plate armour of Upiarask {+Inv Slay+2 SInv} (curse)
rPois    .         Spirit   .   C - +0 helmet
rElec    .         Reflect  .   E - +0 cloak
rCorr    +         Harm     .   O - +2 pair of gloves of Anaesthesia {+Fly rCorr}
MR       +....                  y - +0 pair of boots
Stlth    ..........             (no amulet)
HPRegen  0.00/turn              T - ring of stealth
MPRegen  0.07/turn              (no ring)

@: lethally poisoned (-4 -> -4), non-regenerating, lightly drained
A: damage resistance, heal wounds, sense surroundings 2, no regeneration
a: Heal Wounds, Minor Destruction, Lesser Servant of Makhleb, Major Destruction,
Greater Servant of Makhleb, Renounce Religion, Evoke Invisibility, Evoke Flight


You were on level 2 of the Orcish Mines.
You worshipped Makhleb.
Makhleb was extremely pleased with you.
You were hungry.

You visited 4 branches of the dungeon, and saw 18 of its levels.

You collected 1398 gold pieces.

Inventory:

Hand Weapons
 B - a +2 flail of venom
 U - a +2 broad axe (weapon)
Missiles
 a - 3 silver boomerangs
 o - 33 boomerangs (quivered)
 s - 39 poisoned darts
Armour
 c - a +1 shield (worn)
 y - a +0 pair of boots (worn)
 C - a +0 helmet (worn)
 E - a +0 cloak (worn)
 L - the cursed +1 plate armour of Upiarask (worn) {+Inv Slay+2 SInv}
   (You found it on level 1 of the Lair of Beasts)

   It affects your accuracy and damage with ranged weapons and melee attacks
   (+2).
   It lets you see invisible.
   It lets you turn invisible.
   It has a curse placed upon it.
 O - the +2 pair of gloves of Anaesthesia (worn) {+Fly rCorr}
   (You found it on level 2 of the Lair of Beasts)

   It lets you fly.
   It provides partial protection from all sources of acid and corrosion.
Jewellery
 T - a ring of stealth (left hand)
Wands
 r - a wand of random effects (6)
 t - a wand of digging (3)
 v - a wand of acid (33)
 x - a wand of paralysis (18)
 F - a wand of iceblast (12)
 V - a wand of disintegration (16)
Scrolls
 b - 2 scrolls of fear
 d - a scroll of fog {unknown}
 e - 9 scrolls of remove curse
 h - 3 scrolls of teleportation
 m - 2 scrolls of magic mapping
 n - a scroll of noise
 p - 3 scrolls of enchant armour
 q - 2 scrolls of blinking
 A - a scroll of vulnerability {unknown}
 G - a scroll of silence {unknown}
 M - a scroll of acquirement {unknown}
 N - a scroll of amnesia {unknown}
 P - 2 scrolls of enchant weapon {unknown}
 Q - 2 scrolls of immolation {unknown}
 S - a scroll of random uselessness {unknown}
Potions
 g - a potion of might
 i - a potion of heal wounds
 j - 3 potions of invisibility
 k - 5 potions of curing
 l - 9 potions of lignification
 u - 4 potions of flight
 w - a potion of magic
 z - a potion of resistance
 D - 2 potions of agility
 H - 3 potions of brilliance
 I - 3 potions of cancellation
 J - 2 potions of haste
Comestibles
 f - 25 rations
 K - 6 chunks of flesh


   Skills:
 + Level 7.9(7.6) Fighting
 + Level 11.7(11.4) Axes
 + Level 10.1(9.8) Armour
 + Level 8.7(8.4) Dodging
 + Level 10.3(10.0) Shields
 + Level 10.1(9.8) Invocations
 + Level 10.5(10.2) Evocations


You had 12 spell levels left.
You didn't know any spells.
Your spell library contained the following spells:

 Spells                   Type           Power        Failure   Level  Hunger
 Beastly Appendage        Tmut           #.....       100%        1    ##.....
 Sticks to Snakes         Tmut           #.......     100%        2    ###....
 Spider Form              Tmut/Pois      #.........   100%        3    ####...
 Ice Form                 Ice/Tmut       #.......     100%        4    #####..
 Blade Hands              Tmut           #.........   100%        5    ######.


Dungeon Overview and Level Annotations

Branches:
Dungeon (11/15)            Temple (1/1) D:5            Lair (4/6) D:8
 Shoals (0/4) Lair:3          Orc (2/2) D:10            Elf (0/3) Orc:2
  Snake: Lair:2-4    Spider: Lair:2-4

Altars:
Ashenzari
Cheibriados
Dithmenos
Elyvilon
Fedhas
Gozag
Hepliaklqana
Kikubaaqudgha
Makhleb
Nemelex Xobeh
Okawaru
Qazlal
Ru
Sif Muna
Trog
Uskayaw
Vehumet
Wu Jian
Xom
Yredelemnul
Zin
The Shining One

Shops:
D:4 *   D:9 *   Orc:2 *


Innate Abilities, Weirdness & Mutations

You are resistant to damage.
You can heal yourself by infusing magical energy.
You passively map the area around you.
You do not regenerate.


Message History

Beogh smites you!
* * * LOW HITPOINT WARNING * * *
The sun demon hits you but does no damage.
You barely miss the sun demon.
The sun demon hits you but does no damage.
You slash the sun demon!
The sun demon is lightly wounded.
You hit the orc high priest. You block the sun demon's attack.
The orc high priest hits you but does no damage.
Unknown command.
You hit the orc high priest.
The orc high priest is lightly wounded.
You hit the sun demon. You block the sun demon's attack.
The sun demon hits you!
* * * LOW HITPOINT WARNING * * *
You are engulfed in flames!!
* * * LOW HITPOINT WARNING * * *
The orc high priest mumbles some strange prayers to Beogh against you.
Beogh smites you!
You die...
P....∩...P.#* *, , , ..P.....P...#* ,,, , , , .............# *, , .o., , ..P....PP....## o.P

, ...).P...P#.#.# *, .P.. ,
.)).....###.<.# **..... ,
...)....# #.).#####...P. ,
........# #..)...#......, ,
.......###..#.).@33.....,,,
, .##........##....o......
, .###........#........###
,, #####......####).....##*
,, ,
#.#.........###.......#* ,
..#........##........... ,*
.......#....#..........., *
#.....###........#......, *
......# #....#######....


You could see a soul eater, an orc high priest and a sun demon.

Vanquished Creatures
  An orc warlord (Orc:1)
  An ettin (Orc:2)
  A hydra (Lair:2)
  2 catoblepae
  3 two-headed ogres
  Urug (D:11)
  2 orc high priests
  An orc knight (Orc:2)
  A deep elf mage (D:8)
  3 orc sorcerers
  A manticore (Lair:3)
  2 ugly things (D:11)
  A spiny frog (Lair:2)
  A gargoyle (D:10)
  A rime drake (shapeshifter) (D:10)
  3 komodo dragons
  A queen bee (D:10)
  5 trolls
  5 polar bears (Lair:3)
  12 blink frogs
  4 hippogriffs
  A meliai zombie (D:11)
  A wyvern (D:9)
  4 yaks (D:11)
  3 basilisks
  A steam dragon (D:11)
  2 hungry ghosts
  Menkaure (D:4)
  2 wargs
  7 water moccasins
  Duvessa (D:7)
  2 porcupines (Lair:3)
  22 orc warriors
  4 sky beasts
  9 black bears
  5 ice beasts
  11 ogres
  2 wolves (Lair:1)
  5 centaurs
  3 crocodiles
  3 big kobolds
  9 bullfrogs
  2 wyvern zombies
  A gnoll sergeant (D:8)
  2 wyvern skeletons
  Dowan (D:7)
  A scorpion (D:8)
  19 killer bees
  A wight (D:8)
  An electric eel (Lair:3)
  6 howler monkeys
  7 crimson imps
  3 jellies
  2 quasits
  2 centaur skeletons
  A bullfrog skeleton (D:9)
  18 orc priests
  4 hounds
  17 orc wizards
  Jessica (D:2)
  Ijyb (D:3)
  2 iguanas
  8 worker ants
  A hound skeleton (D:4)
  A howler monkey zombie (D:11)
  Robin (D:2)
  8 gnolls
  15 adders
  3 shadow imps
  3 oozes
  An adder skeleton (D:4)
  A worm (D:3)
  2 dart slugs
  6 leopard geckos
  85 orcs
  5 giant cockroaches
  10 hobgoblins
  5 jackals
  2 quokkas
  A ball python (D:3)
  6 bats
  7 frilled lizards
  15 goblins
  16 kobolds
  A quokka zombie (D:5)
  10 rats
  A plant (Lair:3)
456 creatures vanquished.

Vanquished Creatures (collateral kills)
  An orc warrior (Orc:1)
  An orc wizard (Orc:1)
  A gnoll (Orc:1)
  An orc (Orc:1)
4 creatures vanquished.

Vanquished Creatures (others)
  3 plants (D:4)
3 creatures vanquished.

Grand Total: 463 creatures vanquished

Notes
Turn   | Place    | Note
-------+----------+-------------------------------------------
     0 | D:1      | Illumine the Deep Dwarf Fighter began the quest for the
                  | Orb.
     0 | D:1      | Reached XP level 1. HP: 20/20 MP: 1/1
   105 | D:1      | Reached XP level 2. HP: 16/27 MP: 2/2
   130 | D:1      | Reached skill level 3 in Axes
   331 | D:1      | Reached XP level 3. HP: 33/33 MP: 3/3
   583 | D:2      | Reached skill level 4 in Axes
   628 | D:2      | Reached XP level 4. HP: 35/40 MP: 4/4
   756 | D:2      | Noticed Robin
   791 | D:2      | Killed Robin
  1072 | D:2      | Noticed Jessica
  1081 | D:2      | Killed Jessica
  1214 | D:3      | Reached XP level 5. HP: 46/46 MP: 5/5
  1374 | D:3      | Reached skill level 5 in Axes
  1427 | D:3      | Noticed Ijyb
  1446 | D:3      | Killed Ijyb
  1845 | D:4      | Found Ducuvuu's Assorted Antiques.
  1846 | D:4      | Noticed an ogre
  1953 | D:4      | Reached XP level 6. HP: 29/55 MP: 6/6
  2070 | D:4      | Got an ichor-stained chain mail
  2072 | D:4      | Identified the +1 chain mail of the Crypt {+Blink} (You
                  | found it on level 4 of the Dungeon)
  2114 | D:4      | Reached skill level 5 in Shields
  2160 | D:4      | Reached skill level 6 in Axes
  2439 | D:4      | Reached XP level 7. HP: 28/61 MP: 6/6
  2574 | D:4      | Noticed Menkaure
  2585 | D:4      | Killed Menkaure
  2585 | D:4      | Reached skill level 5 in Armour
  2585 | D:4      | Reached skill level 1 in Evocations
  3059 | D:5      | Entered Level 5 of the Dungeon
  3081 | D:5      | Reached skill level 7 in Axes
  3114 | D:5      | Reached skill level 1 in Dodging
  3148 | D:5      | Reached XP level 8. HP: 47/69 MP: 6/8
  3152 | D:5      | Found a staircase to the Ecumenical Temple.
  3171 | Temple   | Entered the Ecumenical Temple
  3223 | Temple   | Became a worshipper of Makhleb the Destroyer
  3303 | D:5      | Found a shattered altar of Ashenzari.
  3358 | D:5      | Reached skill level 1 in Invocations
  3784 | D:6      | Found a glowing silver altar of Zin.
  3789 | D:6      | Found a bloodstained altar of Trog.
  3917 | D:6      | Found a sparkling altar of Nemelex Xobeh.
  4069 | D:6      | Found a white marble altar of Elyvilon.
  4069 | D:6      | Found an opulent altar of Gozag.
  4200 | D:6      | Reached skill level 8 in Axes
  4217 | D:6      | Found a sacrificial altar of Ru.
  4218 | D:6      | Found a stormy altar of Qazlal.
  4423 | D:7      | Noticed Duvessa
  4435 | D:6      | Reached * piety under Makhleb
  4447 | D:6      | Gained mutation: You passively map the area around you.
                  | [Deep Dwarf growth]
  4447 | D:6      | Reached XP level 9. HP: 51/78 MP: 6/6
  4459 | D:7      | Noticed Dowan
  4469 | D:7      | Killed Dowan
  4470 | D:7      | Killed Duvessa
  4495 | D:7      | Found a sparkling altar of Nemelex Xobeh.
  4518 | D:7      | Found a shadowy altar of Dithmenos.
  5070 | D:8      | Found a staircase to the Lair.
  5112 | D:8      | Reached skill level 9 in Axes
  5112 | D:8      | Reached skill level 5 in Evocations
  5167 | D:8      | Reached ** piety under Makhleb
  5184 | Lair:1   | Entered Level 1 of the Lair of Beasts
  5316 | Lair:1   | Got a warped plate armour
  5327 | Lair:1   | Identified the cursed +1 plate armour of Upiarask {+Inv
                  | Slay+2 SInv} (You found it on level 1 of the Lair of
                  | Beasts)
  5366 | Lair:2   | Reached XP level 10. HP: 63/87 MP: 7/7
  5379 | Lair:2   | Reached skill level 5 in Fighting
  5382 | Lair:2   | Reached skill level 5 in Invocations
  5515 | Lair:2   | Noticed a catoblepas
  5539 | Lair:2   | Killed a catoblepas
  5539 | Lair:2   | Reached skill level 5 in Dodging
  5657 | Lair:2   | Noticed a spiny frog
  5667 | Lair:2   | Killed a spiny frog
  5718 | Lair:2   | Noticed an eight-headed hydra
  5737 | Lair:2   | Killed an eight-headed hydra
  5758 | Lair:2   | Reached skill level 10 in Axes
  6028 | Lair:2   | Got a pair of blackened gloves
  6039 | Lair:2   | Identified the +2 pair of gloves of Anaesthesia {+Fly
                  | rCorr} (You found it on level 2 of the Lair of Beasts)
  6213 | Lair:3   | Reached XP level 11. HP: 58/97 MP: 4/4
  6308 | Lair:3   | Found a staircase to the Shoals.
  6439 | Lair:3   | Noticed a catoblepas
  6480 | Lair:3   | Killed a catoblepas
  6510 | Lair:3   | Reached *** piety under Makhleb
  6796 | Lair:4   | Noticed a death yak
  6796 | Lair:4   | Noticed a death yak
  6796 | Lair:4   | Noticed a death yak
  6797 | Lair:4   | Noticed a death yak
  6798 | Lair:4   | Noticed a death yak
  7084 | D:8      | Noticed a two-headed ogre
  7094 | D:8      | Killed a two-headed ogre
  7109 | D:8      | Found a shimmering blue altar of Sif Muna.
  7576 | D:8      | Noticed a deep elf mage
  7585 | D:8      | Killed a deep elf mage
  7729 | D:8      | Noticed a two-headed ogre
  7738 | D:8      | Killed a two-headed ogre
  8011 | D:9      | Reached XP level 12. HP: 106/106 MP: 1/1
  8073 | D:9      | Reached **** piety under Makhleb
  8121 | D:9      | Noticed a two-headed ogre
  8137 | D:9      | Killed a two-headed ogre
  8186 | D:9      | Found Wennid's Assorted Antiques.
  8266 | D:9      | Reached skill level 11 in Axes
  8617 | D:10     | Entered Level 10 of the Dungeon
  8817 | D:10     | Found a staircase to the Orcish Mines.
  9297 | D:11     | Noticed Urug
  9302 | D:11     | Reached ***** piety under Makhleb
  9334 | D:11     | Killed Urug
  9806 | Orc:1    | Entered Level 1 of the Orcish Mines
  9812 | Orc:1    | Reached skill level 10 in Evocations
  9812 | Orc:1    | Noticed an orc high priest
  9827 | D:10     | Reached skill level 10 in Shields
  9860 | D:10     | Killed an orc high priest
 10003 | Orc:1    | Paralysed by an orc sorcerer for 2 turns
 10085 | Orc:1    | Noticed an orc high priest
 10100 | Orc:1    | Killed an orc high priest
 10384 | Orc:2    | Entered Level 2 of the Orcish Mines
 10406 | Orc:2    | Reached XP level 13. HP: 89/117 MP: 1/1
 10440 | Orc:2    | Found Awuegh's General Store.
 10441 | Orc:2    | Found a staircase to the Elven Halls.
 10446 | Orc:2    | Reached skill level 10 in Armour
 10583 | Orc:2    | Noticed an ettin
 10596 | Orc:2    | Killed an ettin
 10596 | Orc:2    | Reached skill level 10 in Invocations
 10605 | Orc:2    | Noticed an orc warlord
 10641 | Orc:1    | Killed an orc warlord
 10689 | Orc:2    | Killed from afar by an orc high priest

Levels and vault maps discovered:
D:1:      erik_arrival_gehennom, layout_rooms
D:2:      layout_basic, first_ration, uniq_robin, uniq_jessica
D:3:      layout_basic, uniq_ijyb
D:4:      layout_layer_cave, serial_shops, shop, lexackson_kobold_supper,
          uniq_menkaure
D:5:      layout_loops_cross, kennysheep_mini_moat, ashenzari_altar_1,
          minmay_temple_entry_arrows, serial_shops, kennysheep_little_box,
          minivault_19
D:6:      layout_cave_pods, bloody_trog, gammafunk_temple_overflow_statue,
          gammafunk_temple_overflow_wave, basic_altar,
          nemelex_lonely_heart_becter
D:7:      layout_basic, nicolae_overflow_crystal_walls, grunt_dithmenos_smoke,
          minivault_5, uniq_duvessa
D:8:      minmay_quarter_circles, layout_basic, led_sif_pool
D:9:      layout_rooms, serial_shops, shop
D:10:     layout_roguey, orc_0_dummy, david_nohive_1
D:11:     layout_basic, uniq_urug
Temple:   minmay_temple_bridge_abc
Lair:1:   layout_chaotic_city, beast_lair_carwin_6
Lair:2:   layout_hall_layers
Lair:3:   beast_lair_carwin_large_4, layout_regular_city,
          minmay_shoals_entry_beasts, lemuel_fruit_tree, lemuel_fruit_fields,
          serial_bayou_shore_b, serial_bayou_shore_a
Lair:4:   layout_small_grid, spider_nest_entry_web_field, serial_bayou_shore_b
Orc:1:    layout_caves
Orc:2:    grunt_orc_gardens, layout_diamond_mine, grunt_orc_garden,
          grunt_orc_garden, grunt_orc_garden, grunt_orc_garden

Skill      XL: |  1  2  3  4  5  6  7  8  9 10 11 12 13 |
---------------+----------------------------------------+-----
Axes           | 3 4 5 6 7 8 9 10 11 | 11.7
Shields        | 4 5 6 7 8 9 10 | 10.3
Armour         | 4 5 6 7 9 10 | 10.1
Evocations     | 2 4 5 7 8 10 | 10.5
Fighting       | 3 4 5 6 7 |  7.9
Dodging        | 1 2 4 5 7 8 |  8.7
Invocations    | 2 4 6 8 9 10 | 10.1

Action                   |  1- 3 |  4- 6 |  7- 9 | 10-12 | 13-15 || total
-------------------------+-------+-------+-------+-------+-------++-------
Melee: War axe           |   114 |   192 |   453 |   845 |       ||  1604
       Flail             |       |       |       |     7 |       ||     7
       Broad axe         |       |       |       |   195 |    79 ||   274
Throw: Boomerang         |       |       |       |     1 |       ||     1
Invok: Lesser Servant of |       |       |       |     2 |     2 ||     4
 Abil: Heal Wounds       |     1 |     5 |    17 |    31 |     1 ||    55
       Evoke Invisibilit |       |       |       |     2 |       ||     2
Evoke: Wand              |       |       |       |     2 |       ||     2
  Use: Scroll            |       |     4 |     9 |     8 |       ||    21
       Potion            |       |     2 |     2 |     5 |     6 ||    15
 Stab: Invisible         |       |       |       |    10 |       ||    10
       Petrified         |       |       |       |    13 |       ||    13
       Petrifying        |       |       |       |     2 |       ||     2
       Distracted        |       |       |       |       |     1 ||     1
  Eat: Chunk             |       |     5 |     7 |    19 |     1 ||    32
       Ration            |       |       |     1 |     1 |       ||     2
Armor: Scale mail        |    44 |       |       |       |       ||    44
       Plate armour      |    43 |    96 |    10 |   792 |    41 ||   982
       Chain mail        |       |    39 |   322 |       |       ||   361
Dodge: Dodged            |    38 |    34 |   178 |   500 |    34 ||   784
Block: Shield            |    86 |   122 |   357 |   940 |    71 ||  1576
